 Dungeon Crawl Stone Soup version 0.21-a0-404-g291f19a (webtiles) character file.

124 tof the Twirler (level 4, -5/38 HPs)
             Began as a Minotaur Gladiator on Oct 28, 2017.
             Killed by nerve-wracking pain
             ... invoked by Grinder
              (11 damage)
             ... on level 3 of the Dungeon.
             The game lasted 00:02:44 (2132 turns).

tof the Twirler (Minotaur Gladiator)                Turns: 2132, Time: 00:02:45

Health: -5/38      AC:  3    Str: 18    XL:     4   Next: 81%
Magic:  0/3        EV: 13    Int:  5    God:
Gold:   206        SH:  0    Dex: 13    Spells: 3/3 levels left

rFire    + . .     SeeInvis .   a - +0 quarterstaff
rCold    . . .     Gourm    .   (shield currently unavailable)
rNeg     . . .     Faith    .   b - +0 leather armour
rPois    .         Spirit   +   c - +0 hat
rElec    .         Reflect  .   (no cloak)
rCorr    .         Harm     .   (no gloves)
MR       .....                  (no boots)
Stlth    +.........             i - amulet of guardian spirit
HPRegen  0.12/turn              r - ring of protection from fire
MPRegen  0.08/turn              (no ring)

@: no status effects
A: retaliatory headbutt, horns 2
a: no special abilities


You were on level 3 of the Dungeon.
You were not hungry.

You visited 1 branch of the dungeon, and saw 3 of its levels.

You collected 206 gold pieces.

Inventory:

Hand Weapons
 a - a +0 quarterstaff (weapon)
Missiles
 d - 3 throwing nets
 n - 8 javelins (quivered)
 t - 21 poisoned needles
Armour
 b - a +0 leather armour (worn)
 c - a +0 hat (worn)
Jewellery
 i - an amulet of guardian spirit (around neck)
 r - a ring of protection from fire (left hand)
Scrolls
 g - a scroll of remove curse
 k - a scroll of blinking {unknown}
 l - 2 scrolls of teleportation {unknown}
 o - a scroll of identify {unknown}
 p - a scroll of enchant weapon {unknown}
 q - a scroll of fog {unknown}
Potions
 e - a potion of curing {unknown}
 j - a potion of flight {unknown}
 m - a potion of mutation {unknown}
 u - a potion of magic {unknown}
Comestibles
 f - 3 bread rations
 h - 3 royal jellies


   Skills:
 + Level 3.2 Fighting
 * Level 4.7 Staves
 + Level 2.5 Throwing
 * Level 2.9 Armour
 + Level 3.7 Dodging


You had 3 spell levels left.
You didn't know any spells.

Dungeon Overview and Level Annotations

Branches:
Dungeon (3/15)

Altars:
Ashenzari
The Shining One

Annotations:
D:3 Grinder; nikopol's ghost, novice DEFE


Innate Abilities, Weirdness & Mutations

You reflexively headbutt those who attack you in melee.
You have a pair of horns on your head.


Message History

Grinder hits you but does no damage.
You hit Grinder.
Grinder is almost dead.
Grinder hits you.
You writhe in agony.
* * * LOW HITPOINT WARNING * * *
You barely miss Grinder.
Grinder is almost dead.
Grinder hits you.
* * * LOW HITPOINT WARNING * * *
Grinder blinks!
You hit Grinder. Your headbutt misses Grinder.
Grinder is almost dead.
Grinder blinks! x2
Grinder blinks!
Grinder blinks!
Grinder blinks!
Found a club.
Grinder gestures at you. Pain shoots through your body!
You die...

###+###
#.....#
####.....
#.......
#.....)
#....5##
#......#
#...@..####
#.........#
######.##.#
#.# #.# #.#
# #.# #+# #
#.# #.# #
#.# #.# #


You could see Grinder.

Vanquished Creatures
  3 gnolls (D:3)
  An adder (D:2)
  An ooze (D:2)
  2 worms
  A dart slug (D:1)
  4 leopard geckos
  An orc (D:3)
  A ball python (D:3)
  4 giant cockroaches
  8 goblins
  8 hobgoblins
  10 kobolds
  A quokka (D:2)
  11 bats
  4 frilled lizards
  6 rats
66 creatures vanquished.

Notes
Turn   | Place    | Note
-------+----------+-------------------------------------------
     0 | D:1      | tof the Minotaur Gladiator began the quest for the Orb.
     0 | D:1      | Reached XP level 1. HP: 18/18 MP: 0/0
    71 | D:1      | Reached XP level 2. HP: 24/25 MP: 1/1
    85 | D:1      | Reached skill level 1 in Armour
   213 | D:1      | Found a shattered altar of Ashenzari.
   257 | D:1      | Reached skill level 4 in Staves
   559 | D:1      | Reached XP level 3. HP: 28/30 MP: 2/2
  1206 | D:2      | Found a glowing golden altar of the Shining One.
  1276 | D:2      | Reached XP level 4. HP: 38/38 MP: 3/3
  1497 | D:3      | Noticed nikopol's ghost (novice DEFE)
  2103 | D:3      | Noticed Grinder
  2132 | D:3      | Killed from afar by Grinder

Vault maps used:
D:1:      grunt_arrival_crossed_arrows, ashenzari_altar_1
D:2:      nicolae_tso_carved_into_rock
D:3:      uniq_jessica, uniq_grinder

Skill      XL: |  1  2  3 |
---------------+----------+-----
Armour         | 1 2 |  2.9
Staves         | 4 |  4.7
Fighting       | 3 |  3.2
Throwing       | |  2.5
Dodging        | |  3.7

Action                   |  1- 3 |  4- 6 || total
-------------------------+-------+-------++-------
Melee: Quarterstaff      |    96 |    51 ||   147
       Headbutt          |     7 |     9 ||    16
  Use: Scroll            |       |     1 ||     1
 Stab: Sleeping          |     1 |     1 ||     2
  Eat: Chunk             |     1 |     3 ||     4
Armor: Leather armour    |    20 |    10 ||    30
Dodge: Dodged            |    80 |    26 ||   106

Table legend:
 A = Spawn XP
 B = Non-spawn XP
 C = Spawn XP percentage of total XP
 D = Spawn monster count
 E = Non-spawn monster count
 F = Spawn count percentage of total count
 G = Total turns spent on level
                    A         B        C        D         E        F      G
               +---------+---------+-------+---------+---------+-------+---------
         Total |       0 |     178 |   0.0 |       0 |      66 |   0.0 |  2132
               +---------+---------+-------+---------+---------+-------+---------
           D:1 |       0 |      44 |   0.0 |       0 |      23 |   0.0 |   697
           D:2 |       0 |      65 |   0.0 |       0 |      27 |   0.0 |   715
           D:3 |       0 |      69 |   0.0 |       0 |      16 |   0.0 |   720
               +---------+---------+-------+---------+---------+-------+---------
